AoeStats
← EL LEON

African Clearing

506938342Analyzed
4v4 RM · 18d ago on Sep 15, 2026· 51m 47s· 8 players
Game mode
Random Map
Map size
Large (8 player)
Population
200
Speed
Normal
Resources
Standard
Victory
Conquest
Starting age
Dark Age
Ending age
Imperial Age
RankedLock teamsTeams togetherTeam positionsShared explorationLock speedFull tech treeHidden civsTurbo modeCheats
Victory
Defeat
🇲🇽 Persians · Mexico
1223
+12
🇮🇹 Franks · Italy
1217
+12
🇺🇸 Georgians · United States
1178
+14
🇬🇧 Mongols · United Kingdom
1165
+16
🇦🇷 Berbers · Argentina
1216
-16
🇦🇺 Japanese · Australia
1152
-14
🇦🇷 Malay · Argentina
1092
-12
🇦🇷 Malians · Argentina
1091
-12
Ux'RaulitoMD
3:41 Loom
15:14 Feudal Age
16:03 Fishing Lines
20:33 Castle Age
18:23 Double-Bit Axe
21:00 Wheelbarrow
20:11 Town Watch
22:22 Gillnets
25:38 Horse Collar
25:50 Light Cavalry
27:00 Bloodlines
27:19 Bow Saw
28:30 Husbandry
30:51 Scale Barding Armor
30:52 Gold Mining
30:52 Stone Mining
31:07 Heavy Plow
34:13 Stone Shaft Mining
35:35 Gold Shaft Mining
35:25 Chain Barding Armor
35:16 Forging
34:57 Fletching
39:02 Murder Holes
39:18 Masonry
39:29 Ballistics
39:00 Guard Tower
42:19 Imperial Age
40:07 Hand Cart
39:53 Town Patrol
42:04 Cavalier
42:06 Hussar
44:03 Chemistry
44:02 Plate Barding Armor
44:03 Iron Casting
43:24 Bodkin Arrow
44:15 Scale Mail Armor
43:41 Savar
43:50 Hussar
45:36 Heavy Camel Rider
49:51 Hoardings
49:37 Conscription
50:00 Architecture
50:34 Blast Furnace
49:49 Chain Mail Armor
49:35 Padded Archer Armor
BrownBomber81
9:31 Loom
12:06 Feudal Age
12:41 Double-Bit Axe
14:42 Scale Barding Armor
16:48 Forging
23:30 Castle Age
21:17 Horse Collar
22:46 Bloodlines
24:04 Gold Mining
24:26 Bow Saw
26:59 Pikeman
28:14 Scale Mail Armor
29:49 Chain Mail Armor
31:28 Squires
32:28 Iron Casting
33:27 Stone Mining
35:06 Fletching
36:01 Chain Barding Armor
36:38 Wheelbarrow
40:33 Imperial Age
38:08 Bodkin Arrow
38:35 Husbandry
39:52 Heavy Plow
41:10 Man-at-Arms
41:14 Halberdier
42:19 Svan Towers
43:25 Plate Mail Armor
43:23 Masonry
44:22 Plate Barding Armor
45:31 Conscription
44:49 Cavalier
46:01 Bracer
49:42 Blast Furnace
50:29 Hoardings
50:43 Hand Cart
51:47 Aznauri Cavalry
52:20 Architecture
53:10 Chemistry
52:31 Ballistics
52:17 Siege Engineers
11VillagerIdle
4:56 Loom
15:31 Feudal Age
19:29 Castle Age
18:38 Forging
20:35 Scale Barding Armor
21:56 Fletching
27:19 Bodkin Arrow
29:36 Padded Archer Armor
30:34 Leather Archer Armor
30:50 Ballistics
33:37 Double-Bit Axe
39:27 Wheelbarrow
40:52 Horse Collar
41:24 Bow Saw
41:32 Bloodlines
41:23 Husbandry
42:41 Iron Casting
43:38 Hand Cart
48:13 Imperial Age
45:25 Light Cavalry
46:09 Nomads
46:15 Town Watch
46:27 Gold Mining
47:04 Masonry
47:40 Chain Barding Armor
48:24 Gold Shaft Mining
49:17 Conscription
48:58 Bracer
49:16 Siege Engineers
49:25 Stone Mining
49:36 Heavy Plow
50:46 Blast Furnace
53:07 Chemistry
51:36 Elite Mangudai
I AM MATTEO
15:07 Feudal Age
19:01 Castle Age
17:55 Double-Bit Axe
23:34 Bow Saw
26:19 Scale Barding Armor
42:23 Wheelbarrow
42:43 Husbandry
44:43 Forging
44:34 Scale Mail Armor
46:19 Gold Mining
50:00 Imperial Age
48:15 Iron Casting
47:58 Man-at-Arms
48:24 Gambesons
48:25 Arson
48:40 Squires
49:01 Chain Mail Armor
48:58 Long Swordsman
50:16 Hand Cart
50:57 Two-Handed Swordsman
EL LEON
3:46 Loom
13:50 Feudal Age
13:33 Double-Bit Axe
19:31 Castle Age
21:37 Man-at-Arms
25:18 Long Swordsman
27:12 Elite Skirmisher
29:25 Fletching
31:40 Horse Collar
32:16 Bow Saw
32:54 Bodkin Arrow
34:37 Wheelbarrow
37:51 Thumb Ring
38:23 Padded Archer Armor
39:02 Stone Mining
46:02 Pikeman
Duck Rattlehead
4:21 Loom
14:21 Feudal Age
18:11 Castle Age
16:46 Double-Bit Axe
18:16 Stone Mining
26:12 Squires
25:58 Arson
27:19 Scale Mail Armor
31:59 Forging
36:39 Imperial Age
35:51 Iron Casting
38:07 Conscription
38:53 Pikeman
43:11 Chain Mail Armor
46:30 Wheelbarrow
45:41 Town Watch
Arielituzzz
4:17 Loom
13:17 Feudal Age
14:52 Double-Bit Axe
23:01 Castle Age
21:55 Gold Mining
23:00 Scale Barding Armor
27:46 Horse Collar
30:28 Husbandry
31:19 Bloodlines
34:52 Wheelbarrow
35:30 Heavy Plow
37:44 Forging
37:55 Chain Barding Armor
38:19 Hand Cart
39:26 Gold Shaft Mining
42:08 Imperial Age
41:42 Arson
42:39 Iron Casting
43:41 Maghrebi Camels
44:02 Conscription
43:48 Heavy Camel Rider
46:57 Plate Barding Armor
48:57 Heavy Scorpion
Porkroll
17:13 Feudal Age
17:52 Man-at-Arms
22:04 Castle Age
22:23 Forging
22:14 Scale Mail Armor
22:31 Long Swordsman
31:45 Pikeman
38:45 Wheelbarrow
39:28 Wheelbarrow
39:28 Double-Bit Axe
39:35 Horse Collar
41:05 Squires
42:32 Hand Cart
42:20 Heavy Plow
Connection lost

Rejoining the realm…

Still unreachable

The connection could not be restored.

Session expired

The server has moved on; the page needs a fresh start.